Map: Dusk Towers

Players

EJK - Winner!

  • Race: Terran Terran
  • League: Master

Pursuit

  • Race: Terran Terran
  • League: Master

VOD

Have the link to the VOD?

Description

Time

  • Played on: Nov. 13, 2015, 6:07 p.m.
  • Length: 10:30
Show
View Real Time Build Order
Export as new Build Order

EJK Terran - Winner!

Build Orders: 1/1/1, Cyclone Opening 

Get SALT Encoding   

  12  0:00  SCV  
  13  0:13  SCV  
  14  0:19  Supply Depot  
  14  0:25  SCV  
  15  0:28  Refinery  
  15  0:41  SCV  
  16  0:45  Barracks  
  16  0:53  SCV  
  17  1:05  SCV  
  17  1:06  Refinery  
  18  1:17  SCV  
  19  1:34  Reaper, Orbital Command  
  20  1:40  Factory  
  20  1:54  Supply Depot  
  20  2:00  SCV  
  21  2:06  Barracks Tech Lab  
  21  2:12  SCV  
  22  2:25  Starport  
  22  2:31  SCV  
  22  2:34  Cyclone  
  26  2:43  SCV  
  27  2:52  Liberator  
  27  2:54  Command Center  
  27  3:01  Supply Depot  
  30  3:13  SCV  
  30  3:16  Barracks Reactor  
  31  3:25  SCV  
  32  3:33  Supply Depot  
  32  3:38  SCV  
  33  3:50  SCV  
  33  3:51  Command Center  
  34  4:00  Raven  
  36  4:03  SCV  
  36  4:06  Orbital Command  
  37  4:15  SCV  
  40  4:17  Hellion  
  40  4:21  Hellion  
  42  4:27  SCV  
  42  4:31  Liberator  
  43  4:35  SCV  
  44  4:39  SCV, Hellion  
  44  4:43  Hellion  
  46  4:49  SCV  
  46  4:50  Factory  
  50  4:55  SCV  
  51  5:01  SCV  
  51  5:04  Orbital Command  
  52  5:07  SCV, Hellion  
  52  5:08  Hellion  
  52  5:13  SCV, Barracks Reactor  
  58  5:15  Factory  
  58  5:19  SCV  
  59  5:25  SCV, Engineering Bay  
  60  5:31  Hellion x2  
  64  5:37  SCV x2  
  65  5:47  Cyclone  
  68  5:51  Refinery  
  68  5:52  Refinery  
  68  5:53  SCV x3, Hellion x2, Supply Depot  
  68  5:56  Starport Reactor  
  75  6:05  SCV x2  
  77  6:13  SCV  
  77  6:16  Hellion x2  
  77  6:17  Hellion x2  
  85  6:19  SCV, Supply Depot  
  85  6:20  Supply Depot  
  85  6:30  Cyclone  
  85  6:31  SCV  
  85  6:41  SCV  
  85  6:43  Viking x2  
  90  6:49  Hellion  
  90  6:50  Hellion x2  
  90  6:53  Armory  
  93  6:56  Mag-Field Accelerator  
  93  7:13  Supply Depot  
  93  7:15  Supply Depot  
  93  7:17  Hellion  
  93  7:27  Hellion, Orbital Command  
  93  7:29  Hellion  
  91  7:31  Cyclone  
  91  7:35  SCV x2  
  91  7:40  Hellion x2  
  91  7:42  Terran Vehicle Weapons Level 1  
  95  7:46  Refinery  
  95  7:49  Hellion, Medivac x2  
  95  7:50  Refinery  
  98  7:52  Supply Depot  
  98  7:53  SCV  
  98  7:54  SCV x2  
  97  8:02  Hellion  
  97  8:05  SCV, Cyclone  
  102  8:06  SCV x2  
  105  8:18  SCV x3  
  105  8:19  Sensor Tower  
  108  8:21  Infernal Pre-Igniter  
  108  8:22  Medivac  
  108  8:23  Medivac  
  112  8:27  Hellion x9  
  112  8:30  SCV x3  
  112  8:31  Hellion  
  117  8:54  Supply Depot, Medivac x2  
  117  8:55  Hellion x2  
  125  8:58  Supply Depot  
  125  9:01  Command Center  
  125  9:12  Factory  
  125  9:14  Factory  
  125  9:16  Cyclone, Hellion x2  
  130  9:30  Supply Depot  
  130  9:31  Supply Depot, Medivac x2  
  130  9:33  Hellion x2  
  130  9:37  Hellion  
  140  9:47  Supply Depot  
  140  9:48  Supply Depot  
  140  9:52  Cyclone, Hellion  
  145  9:58  Factory Tech Lab x2  
  147  10:00  Hellion x2  
Show
View Real Time Build Order
Export as new Build Order

Pursuit Terran 

Build Orders: Reaper Expand, Bio Tank, MMM Bio 

Get SALT Encoding   

  12  0:01  SCV  
  13  0:13  SCV  
  14  0:18  Supply Depot  
  14  0:25  SCV  
  15  0:39  SCV  
  16  0:43  Barracks  
  16  0:45  Refinery  
  16  0:51  SCV  
  17  1:03  SCV  
  18  1:15  SCV  
  19  1:30  Orbital Command  
  19  1:31  Reaper  
  20  1:41  Command Center  
  20  1:48  Supply Depot  
  20  1:55  SCV  
  21  2:04  Barracks Reactor  
  21  2:07  SCV  
  22  2:18  Refinery  
  22  2:21  SCV  
  23  2:27  Factory  
  23  2:33  SCV  
  24  2:41  Marine x2  
  26  2:45  SCV  
  27  2:53  Orbital Command  
  27  2:57  SCV  
  28  3:07  Marine x2  
  28  3:09  SCV  
  28  3:12  Factory Tech Lab, Starport  
  31  3:19  SCV  
  32  3:21  SCV  
  32  3:22  Supply Depot  
  32  3:24  Marine x2  
  35  3:31  SCV, Siege Tank  
  35  3:33  SCV  
  40  3:43  Supply Depot, Marine x2, SCV  
  40  3:45  SCV  
  44  3:50  Viking  
  46  4:01  SCV x2, Marine x2  
  50  4:05  Supply Depot  
  50  4:13  SCV x2, Siege Tank  
  55  4:25  SCV x2  
  55  4:27  Engineering Bay  
  57  4:37  Marine x2  
  57  4:48  Siege Tank  
  57  4:52  Viking, Barracks  
  62  4:53  SCV  
  62  4:54  SCV, Barracks  
  64  5:03  Supply Depot  
  64  5:04  Supply Depot  
  64  5:05  SCV  
  64  5:06  SCV  
  66  5:18  SCV x2, Marine x2  
  70  5:21  Command Center  
  70  5:25  Siege Tank  
  73  5:35  SCV  
  73  5:36  SCV  
  73  5:37  Viking  
  77  5:49  Refinery x2  
  77  5:51  Barracks Tech Lab x2  
  77  5:52  Marine x2  
  77  5:53  SCV x2  
  81  5:58  Engineering Bay x2  
  81  6:05  SCV x2  
  82  6:16  Marine x2  
  82  6:17  Combat Shields  
  82  6:18  Stimpack  
  84  6:19  SCV x2  
  83  6:31  Viking  
  77  6:44  SCV  
  77  6:45  SCV  
  79  6:52  Marauder, Marine  
  79  6:53  Marauder  
  84  6:56  SCV, Orbital Command  
  84  6:57  SCV  
  85  7:09  SCV x2, Siege Tank, Starport Reactor  
  85  7:14  Marine  
  85  7:15  Marauder x2  
  95  7:21  SCV x2  
  95  7:22  Terran Infantry Weapons Level 1, Terran Infantry Armor Level 1, Supply Depot  
  95  7:25  Supply Depot  
  93  7:35  Marine  
  93  7:36  Marauder x2, Marine  
  82  7:39  SCV  
  82  7:40  SCV x2  
  85  7:50  Barracks  
  85  7:51  Barracks  
  85  7:52  SCV x3  
  85  7:53  Marine x2  
  90  8:01  Medivac x2, Marauder x2  
  90  8:04  SCV x3  
  101  8:10  Supply Depot  
  101  8:11  Supply Depot  
  101  8:12  Supply Depot  
  101  8:14  Siege Tank  
  101  8:16  Armory, SCV x2  
  106  8:22  SCV  
  106  8:25  Marauder x2, Refinery, Marine x2  
  106  8:26  Refinery  
  113  8:28  SCV  
  113  8:29  Supply Depot  
  113  8:33  Medivac x2  
  118  8:44  Marine  
  118  8:47  Barracks Tech Lab x2, Marauder x2  
  123  8:55  Marine  
  124  8:56  SCV x2  
  124  9:02  Marine  
  127  9:05  Starport  
  127  9:06  Supply Depot  
  127  9:07  Command Center, Supply Depot  
  127  9:08  Marauder  
  127  9:09  Medivac, Marauder x3  
  137  9:11  Medivac  
  139  9:18  Marine  
  139  9:20  Marine  
  141  9:29  Marine x2  
  141  9:30  Marauder, Marine  
  146  9:35  Supply Depot  
  146  9:36  Marine  
  146  9:37  Supply Depot  
  147  9:44  Marine  
  148  9:47  Marauder, Marine  
  151  9:54  Marauder x2, Marine  
  156  10:02  Marine  
Tags
 
Add a new tag
Caveats
  • Supply blocks, unpowered buildings, or Contaminate may cause inaccurate times.
  • Supply counts are checked every 10 seconds.